 Dungeon Crawl Stone Soup version 0.22-a0-149-g870e420 (webtiles) character file.

2935 sankara the Transmogrifier (level 9, -8/76 HPs)
             Began as a White Draconian Transmuter on Feb 7, 2018.
             Was a Believer of Makhleb.
             Killed from afar by wazuzu's ghost (19 damage)
             ... with a puff of flame
             ... on level 7 of the Dungeon.
             The game lasted 00:34:51 (8780 turns).

sankara the Transmogrifier (DrTm)                   Turns: 8780, Time: 00:34:52

Health: -8/76      AC:  6    Str: 12    XL:     9   Next: 51%
Magic:  21/21      EV: 10    Int: 14    God:    Makhleb [**....]
Gold:   313        SH:  0    Dex: 15    Spells: 2/12 levels left

rFire    x . .     SeeInvis .     - Unarmed
rCold    + + +     Gourm    .   (shield currently unavailable)
rNeg     . . .     Faith    .   (armour unavailable)
rPois    +         Spirit   .   (helmet currently unavailable)
rElec    .         Reflect  .   (cloak currently unavailable)
rCorr    .         Harm     .   (gloves currently unavailable)
MR       .....                  (boots currently unavailable)
Stlth    +.........             (no amulet)
HPRegen  0.22/turn              m - ring of magical power
MPRegen  0.17/turn              (no ring)

@: ice-form
A: large, (breathe frost), unfitting armour, AC +7
a: End Transformation, Minor Destruction, Renounce Religion


You were on level 7 of the Dungeon.
You worshipped Makhleb.
Makhleb was pleased with you.
You were not hungry.
You were a creature of crystalline ice.
You visited 2 branches of the dungeon, and saw 8 of its levels.

You collected 377 gold pieces.
You spent 64 gold pieces at shops.

Inventory:

Hand Weapons
 b - a +0 hunting sling
 c - a +2 blowgun
Missiles
 e - 297 stones
 j - 111 sling bullets
 l - 9 arrows
 o - 20 poisoned needles
 y - 7 javelins
 F - 16 tomahawks (quivered)
Armour
 a - a +1 cloak of poison resistance (melded)
Jewellery
 m - a ring of magical power (left front paw)
Wands
 q - a wand of paralysis (16)
 A - a wand of iceblast (8)
 E - a wand of flame (18)
Scrolls
 d - 8 scrolls of identify
 g - a scroll of noise {unknown}
 h - 4 scrolls of teleportation
 p - 2 scrolls of immolation {unknown}
 s - a scroll of enchant armour {unknown}
 t - a scroll of magic mapping
 v - 4 scrolls of fog {unknown}
 w - 2 scrolls of blinking {unknown}
 x - 4 scrolls of remove curse
Potions
 k - 2 potions of agility
 n - a potion of haste
 u - a potion of flight
 z - a potion of degeneration {unknown}
 B - a potion of heal wounds {unknown}
 C - 2 potions of mutation {unknown}
Books
 r - a book of Changes

   Spells                             Type                      Level
   a - Beastly Appendage              Transmutation                1
   b - Sticks to Snakes               Transmutation                2
   c - Spider Form                    Transmutation/Poison         3
   d - Ice Form                       Ice/Transmutation            4
   e - Blade Hands                    Transmutation                5
 D - a book of Conjurations

   Spells                             Type                      Level
   a - Magic Dart                     Conjuration                  1
   b - Searing Ray                    Conjuration                  2
   c - Dazzling Spray                 Conjuration/Hexes            3
   d - Fulminant Prism                Conjuration/Hexes            4
   e - Force Lance                    Conjuration/Translocation    4
   f - Iskenderun's Mystic Blast      Conjuration                  4
Comestibles
 f - 13 rations
 i - 2 chunks of flesh


   Skills:
 + Level 1.2 Fighting
 + Level 1.8 Dodging
 + Level 8.2 Unarmed Combat
 - Level 2.0 Spellcasting
 + Level 9.0 Transmutations
 - Level 7.0 Ice Magic
 - Level 2.0 Poison Magic
 + Level 0.3 Invocations


You had 2 spell levels left.
You knew the following spells:

 Your Spells              Type           Power        Failure   Level  Hunger
a - Beastly Appendage     Tmut           ####..       1%          1    ##.....
b - Sticks to Snakes      Tmut           ####....     1%          2    ###....
c - Spider Form           Tmut/Pois      ###.......   8%          3    ####...
d - Ice Form              Ice/Tmut       ###.....     9%          4    #####..


Dungeon Overview and Level Annotations

Branches:
Dungeon (7/15)             Temple (1/1) D:4

Altars:
Cheibriados
Dithmenos
Elyvilon
Gozag
Hepliaklqana
Kikubaaqudgha
Makhleb
Nemelex Xobeh
Qazlal
Ru
Sif Muna
Uskayaw
Vehumet
Xom
Zin

Shops:
D:4 (   D:6 *(%

Annotations:
D:7 wazuzu's ghost, novice GnFE


Innate Abilities, Weirdness & Mutations

((You can breathe waves of freezing cold.))
((You can buffet flying creatures when you breathe cold.))
((Your icy white scales are hard. (AC +7)))
You cannot fit into any form of body armour.
((Your flesh is cold resistant. (rC+)))
((You are cold-blooded and may be slowed by cold attacks.))


Message History

Wazuzu's ghost hits you.
You writhe in agony.
You are too injured to fight recklessly!
Wazuzu's ghost points at you and mumbles some strange words.
The puff of flame hits you! The fire burns you terribly!
* * * LOW HITPOINT WARNING * * *
Some of the chunks of flesh in your inventory have rotted away.
There is an opulent altar of Gozag here.
There is an open door, spattered with blood here.
You see here an uncursed shortbow.
There is an open door, spattered with blood here.
Items here: ))))) [[[ รทรทรท Wazuzu's ghost whispers, "Death is liberation."
Things that are here:
a short sword; a leather armour Wazuzu's ghost gestures at you while chanting.
The puff of flame hits you! The fire burns you terribly!
* * * LOW HITPOINT WARNING * * *
Wazuzu's ghost points at you and mumbles some strange words.
The puff of flame hits you! The fire burns you terribly!
You die...

#.......###.###..#
##........#..# #..#
............## #..#
..........### ##.##
..........# ##..##
..........# #....#
#######'### #....#
#######)#### #....###
...........# ###Y#......
..b..##....# #..........
...........###...#..####
...........)W..........
...........########..##
##......#### #>..
#......# #### #......#
########


You could see wazuzu's ghost.

Vanquished Creatures
  A hornet (D:7)
  A hippogriff (D:3)
  Eustachio (D:5)
  A hungry ghost (D:7)
  Edmund (D:5)
  An ice beast (D:4)
  An orc warrior (D:6)
  A phantom (D:4)
  A sky beast (D:6)
  An ogre (D:4)
  A centaur (D:7)
  A bullfrog (D:7)
  A scorpion (D:7)
  A water moccasin skeleton (D:7)
  5 howler monkeys
  3 crimson imps
  A centaur zombie (D:7)
  A bullfrog zombie (D:6)
  10 orc wizards
  Crazy Yiuf (D:5)
  4 orc priests
  3 centaur skeletons
  A jelly (D:6)
  4 worker ants
  7 gnolls
  7 adders
  3 oozes
  An adder zombie (D:5)
  2 worms
  2 dart slugs
  3 leopard geckos
  40 orcs
  8 bats
  4 giant cockroaches
  8 goblins
  4 hobgoblins
  15 jackals
  8 kobolds
  A quokka (D:3)
  3 ball pythons
  4 frilled lizards
  A jackal skeleton (D:6)
  2 quokka skeletons
  9 rats
179 creatures vanquished.

Vanquished Creatures (collateral kills)
  Sigmund (D:5)
  Blork the orc (D:5)
2 creatures vanquished.

Grand Total: 181 creatures vanquished

Notes
Turn   | Place    | Note
-------+----------+-------------------------------------------
     0 | D:1      | sankara the Draconian Transmuter began the quest for the Orb.
     0 | D:1      | Reached XP level 1. HP: 16/16 MP: 3/3
   253 | D:1      | Reached XP level 2. HP: 15/23 MP: 3/5
   260 | D:1      | Learned a level 2 spell: Sticks to Snakes
   592 | D:1      | Reached skill level 3 in Transmutations
   828 | D:2      | Found a hide-covered altar of Uskayaw.
   919 | D:2      | Reached XP level 3. HP: 27/28 MP: 4/6
   930 | D:2      | Learned a level 3 spell: Spider Form
   973 | D:2      | Found a stormy altar of Qazlal.
  1353 | D:2      | Found an ancient bone altar of Kikubaaqudgha.
  1638 | D:3      | Reached XP level 4. HP: 29/35 MP: 5/7
  1716 | D:3      | Reached skill level 1 in Poison Magic
  1979 | D:3      | Reached skill level 4 in Transmutations
  2002 | D:3      | Reached XP level 5. HP: 11/40 MP: 6/8
  2942 | D:3      | Noticed a hippogriff
  2965 | D:3      | Killed a hippogriff
  2965 | D:3      | Reached skill level 5 in Transmutations
  2965 | D:3      | Reached XP level 6. HP: 7/47 MP: 7/9
  3808 | D:4      | Found a staircase to the Ecumenical Temple.
  3819 | Temple   | Entered the Ecumenical Temple
  3942 | Temple   | Became a worshipper of Makhleb the Destroyer
  3974 | D:4      | Reached skill level 5 in Unarmed Combat
  3974 | D:4      | Reached skill level 6 in Transmutations
  3974 | D:4      | Your scales start taking on an icy white colour.
  3974 | D:4      | Reached XP level 7. HP: 26/52 MP: 6/10
  3974 | D:4      | Gained mutation: Your flesh is cold resistant. (rC+) [White Draconian growth]
  4191 | D:4      | Learned a level 4 spell: Ice Form
  4433 | D:4      | Reached skill level 1 in Ice Magic
  4744 | D:4      | Found Kuni's Weapon Boutique.
  4826 | D:4      | Found a white marble altar of Elyvilon.
  5225 | D:5      | Entered Level 5 of the Dungeon
  5423 | D:5      | Noticed Eustachio
  5435 | D:5      | Killed Eustachio
  5449 | D:5      | Noticed Edmund
  5457 | D:5      | Noticed Blork the orc
  5469 | D:5      | Killed Edmund
  5469 | D:5      | Reached XP level 8. HP: 44/59 MP: 8/11
  5741 | D:4      | Reached skill level 7 in Transmutations
  5988 | D:5      | Noticed Sigmund
  6156 | D:5      | Found a stormy altar of Qazlal.
  6290 | D:5      | Found a runed door.
  6604 | D:5      | Killed Sigmund
  6802 | D:5      | Killed Blork the orc
  6918 | D:5      | Noticed Crazy Yiuf
  6923 | D:5      | Killed Crazy Yiuf
  6923 | D:5      | Reached skill level 5 in Ice Magic
  7147 | D:5      | Reached * piety under Makhleb
  7401 | D:6      | Found Wudghu's Assorted Antiques.
  7425 | D:6      | Bought a scroll labeled KYFUERR HUIN for 32 gold pieces
  7425 | D:6      | Bought a scroll labeled KYFUERR HUIN for 32 gold pieces
  7441 | D:6      | Found Lotet's Antique Weapon Shoppe.
  7478 | D:6      | Found Olif's Food Emporium.
  7697 | D:6      | Reached skill level 8 in Transmutations
  8049 | D:6      | Reached XP level 9. HP: 59/64 MP: 12/12
  8189 | D:6      | Found a shadowy altar of Dithmenos.
  8510 | D:7      | Reached ** piety under Makhleb
  8705 | D:7      | Found an opulent altar of Gozag.
  8737 | D:7      | Reached skill level 9 in Transmutations
  8744 | D:7      | Noticed wazuzu's ghost (novice GnFE)
  8780 | D:7      | Killed from afar by wazuzu's ghost

Vault maps used:
D:1:      lightli_arrival_windingriver
D:2:      eat_drink_and_be_merry_uskayaw, marbit_many_paths, grunt_qazlal_clouds
D:4:      minmay_temple_entry_butterflies, first_ration, serial_shops, shop,
          elyvilon_altar_4
D:5:      basic_altar, uniq_crazy_yiuf_cottage, uniq_blork_the_orc,
          uniq_sigmund, uniq_eustachio, uniq_edmund
D:6:      lemuel_round_altar, serial_shops, shop_coins, shop_fountains, shop,
          hangedman_minor_gate_pass
D:7:      kennysheep_okawaru_gauntlet,
          nicolae_gozag_cash_rules_everything_around_me, grunt_livestock
Temple:   jpeg_temple_alley_garden

Skill      XL: |  1  2  3  4  5  6  7  8  9 |
---------------+----------------------------+-----
Transmutations | 3 4 5 6 8 9 |  9.0
Poison Magic   | 1 2 |  2.0
Unarmed Combat | 4 5 6 7 8 |  8.2
Ice Magic      | 3 6 7 |  7.0
Fighting       | |  1.2
Dodging        | |  1.8
Spellcasting   | |  2.0
Invocations    | |  0.3

Action                   |  1- 3 |  4- 6 |  7- 9 || total
-------------------------+-------+-------+-------++-------
Melee: Unarmed           |    84 |   142 |   360 ||   586
       Kick              |     8 |     9 |     5 ||    22
       Tailslap          |     7 |    12 |     4 ||    23
       Headbutt          |     7 |     3 |       ||    10
       Punch             |       |     1 |       ||     1
 Fire: Hunting sling     |    24 |    59 |       ||    83
Throw: Tomahawk          |       |       |     1 ||     1
 Cast: Beastly Appendage |    22 |    21 |     3 ||    46
       Spider Form       |       |     2 |    38 ||    40
       Sticks to Snakes  |       |     2 |    42 ||    44
       Ice Form          |       |       |     3 ||     3
 Abil: End Transformatio |       |       |     1 ||     1
  Use: Scroll            |     5 |       |     3 ||     8
       Potion            |       |     5 |     1 ||     6
 Stab: Sleeping          |     1 |       |     1 ||     2
       Distracted        |       |       |     1 ||     1
  Eat: Chunk             |     2 |     9 |    21 ||    32
       Ration            |       |       |     2 ||     2
Armor: Skin              |    30 |    51 |    43 ||   124
Dodge: Dodged            |    75 |    77 |   283 ||   435

Table legend:
 A = Spawn XP
 B = Non-spawn XP
 C = Spawn XP percentage of total XP
 D = Spawn monster count
 E = Non-spawn monster count
 F = Spawn count percentage of total count
 G = Total turns spent on level
                    A         B        C        D         E        F      G
               +---------+---------+-------+---------+---------+-------+---------
         Total |       0 |    4193 |   0.0 |       0 |     181 |   0.0 |  8780
               +---------+---------+-------+---------+---------+-------+---------
           D:1 |       0 |      36 |   0.0 |       0 |      19 |   0.0 |   825
           D:2 |       0 |      28 |   0.0 |       0 |      17 |   0.0 |   783
           D:3 |       0 |     516 |   0.0 |       0 |      42 |   0.0 |  2008
           D:4 |       0 |     811 |   0.0 |       0 |      28 |   0.0 |  2164
           D:5 |       0 |     796 |   0.0 |       0 |      18 |   0.0 |  1322
           D:6 |       0 |     680 |   0.0 |       0 |      28 |   0.0 |  1001
           D:7 |       0 |    1326 |   0.0 |       0 |      29 |   0.0 |   528
               +---------+---------+-------+---------+---------+-------+---------
